AoeStats
← Bornvibe

Nomad

508803676Analyzed
4v4 RM · 7d ago on Sep 24, 2026· 106m 38s· 8 players
Game mode
Random Map
Map size
231×231
Population
200
Speed
Normal
Resources
Standard
Victory
Conquest
Starting age
Dark Age
Ending age
Imperial Age
RankedLock teamsTeams togetherTeam positionsShared explorationLock speedFull tech treeHidden civsTurbo modeCheats
Victory
Defeat
🇺🇸 Armenians · United States
949
+14
🇦🇺 Saxons · Australia
920
+16
🇲🇽 Wu · Mexico
918
+16
🇻🇳 Khmer · Vietnam
871
+18
🇹🇷 Britons · Türkiye
941
-17
🇲🇽 Saracens · Mexico
909
-16
🇺🇸 Lithuanians · United States
906
-16
🇨🇦 Saxons · Canada
881
-15
T.S | Mo
3:27 Loom
7:01 Loom
17:15 Feudal Age
17:20 Feudal Age
19:28 Double-Bit Axe
19:33 Gold Mining
19:35 Stone Mining
20:56 Fishing Lines
24:52 Horse Collar
25:09 Fletching
25:30 Forging
25:26 Scale Barding Armor
25:21 Scale Mail Armor
28:31 Castle Age
29:36 Heavy Plow
29:49 Bow Saw
29:40 Caravan
30:34 Iron Casting
29:55 Bodkin Arrow
30:20 Chain Barding Armor
30:15 Chain Mail Armor
30:15 Medium Warships
29:58 Gillnets
32:05 Treadmill Crane
32:20 Murder Holes
32:35 Masonry
32:56 Careening
32:57 Clinker Construction
33:32 Wheelbarrow
36:36 Imperial Age
34:40 Fervor
37:40 Conscription
37:54 Architecture
40:07 Plate Barding Armor
40:29 Hoardings
39:59 Squires
41:15 Husbandry
41:34 Bracer
43:19 Heavy Warships
44:54 Bloodlines
46:54 Herbal Medicine
50:42 Cavalier
52:41 Pikeman
54:28 Hand Cart
55:00 Theocracy
54:41 Block Printing
60:08 Elite Leitis
61:41 Town Watch
63:36 Town Patrol
65:42 Paladin
66:17 Paladin
68:08 Paladin
87:24 Man-at-Arms
88:43 Long Swordsman
Broseidon
9:56 Loom
15:48 Feudal Age
19:43 Man-at-Arms
22:43 Gold Mining
30:01 Castle Age
30:34 Forging
30:24 Scale Mail Armor
31:57 Thumb Ring
31:48 Fletching
32:34 Iron Casting
32:14 Chain Mail Armor
32:18 Stone Mining
32:21 Gambesons
32:42 Long Swordsman
34:20 Bodkin Arrow
35:26 Squires
41:16 Padded Archer Armor
41:31 Double-Bit Axe
47:11 Imperial Age
49:45 Conscription
49:51 Two-Handed Swordsman
50:43 Heavy Mounted Crossbowman
50:44 Cranequins
52:32 Wheelbarrow
52:03 Shield Wall
52:08 Champion
54:13 Chemistry
53:34 Ballistics
53:21 Bracer
54:15 Fortified Wall
54:17 Capped Ram
56:36 Bow Saw
58:02 Bloodlines
57:52 Husbandry
57:46 Siege Ram
63:59 Plate Mail Armor
63:48 Leather Archer Armor
63:35 Elite Skirmisher
77:51 Elite Varangian Guard
90:26 Heavy Scorpion
92:26 Siege Engineers
100:10 Caravan
Ultimarte
18:16 Feudal Age
19:59 Wheelbarrow
19:39 Double-Bit Axe
23:57 Stone Mining
27:10 Castle Age
28:30 Hand Cart
35:26 Imperial Age
33:22 Ballistics
33:32 Fletching
33:44 Gold Mining
34:08 Fishing Lines
36:39 Conscription
38:05 Husbandry
37:26 Cavalier
37:58 Crossbowman
38:21 Treadmill Crane
39:42 Padded Archer Armor
45:00 Murder Holes
49:42 Chemistry
53:43 Yeomen
55:01 Town Watch
59:05 Bow Saw
58:38 Horse Collar
59:43 Forging
59:40 Scale Barding Armor
59:31 Bodkin Arrow
59:52 Leather Archer Armor
60:41 Chemistry
62:35 Iron Casting
63:24 Medium Warships
65:04 Blast Furnace
64:25 Chain Barding Armor
65:18 Elite Longbowman
69:13 Bracer
69:49 Plate Barding Armor
78:00 Ring Archer Armor
93:56 Heavy Scorpion
94:54 Elite Skirmisher
105:54 Heavy Plow
SER
5:25 Loom
13:40 Feudal Age
15:22 Town Watch
18:19 Castle Age
17:55 Gold Mining
18:06 Double-Bit Axe
19:13 Bow Saw
24:24 Fletching
25:12 Bodkin Arrow
30:50 Forging
LV Chris R7
5:14 Loom
17:38 Feudal Age
22:49 Castle Age
21:19 Double-Bit Axe
21:47 Fishing Lines
24:07 Bow Saw
23:34 Demolition Ship
24:25 Medium Warships
24:07 Gillnets
25:36 Fletching
27:04 Bodkin Arrow
37:35 Wheelbarrow
38:20 Squires
38:06 Arson
41:09 Imperial Age
40:49 Forging
40:40 Scale Mail Armor
43:01 Chain Mail Armor
45:42 Pikeman
47:34 Sitting Tiger
49:02 Halberdier
50:38 Iron Casting
51:43 Two-Man Saw
54:02 Heavy Warships
59:28 Chemistry
58:49 Ballistics
61:32 Blast Furnace
61:02 Plate Mail Armor
62:41 Man-at-Arms
65:30 Long Swordsman
70:06 Two-Handed Swordsman
99:56 Hand Cart
100:56 Champion
bergiebird
4:50 Loom
13:59 Feudal Age
14:49 Double-Bit Axe
16:01 Wheelbarrow
15:25 Town Watch
15:39 Stone Mining
16:36 Gold Mining
24:42 Castle Age
24:23 Fletching
26:16 Bodkin Arrow
26:24 Treadmill Crane
27:04 Ballistics
26:40 Murder Holes
26:56 Masonry
29:00 Bow Saw
29:53 Horse Collar
33:46 Town Patrol
34:02 Hand Cart
35:21 Gold Shaft Mining
35:59 Heavy Plow
36:50 Man-at-Arms
37:16 Gambesons
37:32 Squires
37:17 Arson
37:47 Scale Mail Armor
38:18 Forging
44:22 Imperial Age
42:55 Long Swordsman
44:34 Two-Handed Swordsman
46:33 Conscription
46:41 Conscription
50:03 Elite Composite Bowman
53:48 Hoardings
53:35 Bracer
53:50 Padded Archer Armor
55:41 Chemistry
56:44 Leather Archer Armor
60:08 Hoardings
61:00 Ring Archer Armor
68:00 Chain Mail Armor
68:21 Iron Casting
69:19 Fereters
69:15 Two-Handed Swordsman
69:50 Champion
72:13 Plate Mail Armor
72:19 Iron Casting
77:34 Blast Furnace
79:33 Pikeman
80:46 Halberdier
95:35 Sappers
longkaka
15:52 Feudal Age
14:08 Loom
19:30 Double-Bit Axe
21:23 Wheelbarrow
26:53 Castle Age
28:00 Fishing Lines
32:58 Imperial Age
30:15 Horse Collar
31:50 Medium Warships
32:34 Hand Cart
32:28 Gillnets
34:10 Bow Saw
34:55 Conscription
34:50 Gold Mining
34:51 Stone Mining
35:30 Hand Cart
35:19 Heavy Plow
42:21 Elite Skirmisher
43:08 Padded Archer Armor
43:10 Scale Mail Armor
47:07 Double Crossbow
52:26 Leather Archer Armor
52:01 Fletching
52:27 Chain Mail Armor
53:28 Pikeman
60:46 Bodkin Arrow
62:42 Bracer
62:51 Scale Barding Armor
64:09 Tusk Swords
65:37 Chain Barding Armor
65:19 Husbandry
68:17 Ring Archer Armor
67:52 Heated Shot
75:31 Halberdier
83:30 Forging
83:21 Town Watch
85:03 Iron Casting
86:20 Ballistics
87:01 Chemistry
88:38 Blast Furnace
87:51 Masonry
93:26 Arson
97:02 Crossbowman
103:11 Plate Barding Armor
102:45 Town Patrol
102:15 Elite Ballista Elephant
Bornvibe
5:13 Loom
16:56 Feudal Age
17:37 Man-at-Arms
21:34 Castle Age
20:28 Wheelbarrow
20:06 Double-Bit Axe
20:44 Town Watch
20:47 Horse Collar
20:46 Man-at-Arms
21:50 Fishing Lines
22:19 Stone Mining
23:06 Fletching
23:35 Forging
25:40 Bodkin Arrow
25:47 Scale Mail Armor
27:28 Gambesons
28:36 Squires
28:22 Arson
30:08 Medium Warships
29:42 Elite Skirmisher
30:28 Thumb Ring
40:26 Chain Mail Armor
39:47 Pikeman
43:10 Imperial Age
43:32 Scale Barding Armor
57:08 Caravan
59:07 Bow Saw
61:13 Hand Cart
61:29 Shield Wall
62:31 Conscription
63:15 Halberdier
65:28 Elite Hearth Troop
73:24 Hoardings
73:53 Plate Mail Armor
75:31 Iron Casting
94:18 Capped Ram
100:38 Elite Varangian Guard
Connection lost

Rejoining the realm…

Still unreachable

The connection could not be restored.

Session expired

The server has moved on; the page needs a fresh start.